AoeStats
← Q

Golden Pit

509576686Analyzed
1v1 RM · 5d ago on Sep 27, 2026· 32m 40s· 2 players
Game mode
Random Map
Map size
Tiny (2 player)
Population
200
Speed
Normal
Resources
Standard
Victory
Conquest
Starting age
Dark Age
Ending age
Imperial Age
RankedLock teamsTeams togetherTeam positionsShared explorationLock speedFull tech treeHidden civsTurbo modeCheats
Victory
Defeat
🇩🇪 Bohemians · Germany
638
+15
🇨🇳 Teutons · China
607
-15
Q
9:15 Loom
12:33 Feudal Age
14:00 Horse Collar
14:06 Double-Bit Axe
14:12 Stone Mining
14:12 Gold Mining
16:44 Wheelbarrow
20:40 Castle Age
21:16 Scale Mail Armor
21:26 Squires
21:53 Pikeman
29:29 Heavy Plow
30:39 Bow Saw
31:10 Forging
30:54 Fletching
32:54 Bloodlines
hoodwatcher609
11:24 Feudal Age
16:35 Castle Age
15:17 Horse Collar
16:29 Double-Bit Axe
24:02 Wheelbarrow
30:53 Imperial Age
28:40 Hand Cart
Connection lost

Rejoining the realm…

Still unreachable

The connection could not be restored.

Session expired

The server has moved on; the page needs a fresh start.